 Dungeon Crawl Stone Soup version 0.30-a0-859-gf88a04b62d (webtiles) character file.

Game seed: 1538444466155820676

7 BlueFish the Sneak (level 1, 0/13 HPs)
             Began as a Vampire Enchanter on Mar 7, 2023.
             Slain by a gnoll
             ... wielding a +0 whip
              (5 damage)
             ... on level 1 of the Dungeon.
             The game lasted 00:00:39 (237 turns).

BlueFish the Sneak (Vampire Enchanter)               Turns: 237, Time: 00:00:40

Health: 0/13       AC:  3    Str:  7    XL:     1   Next: 91%
Magic:  3/3        EV: 12    Int: 17    God:
Gold:   72         SH:  0    Dex: 14    Spells: 4/4 levels left

rFire   . . .      SeeInvis +    a - +1 dagger
rCold   + . .      Faith    .    (no shield)
rNeg    . . .      Spirit   .    g - +0 robe {rC+}
rPois   .          Reflect  .    (no helmet)
rElec   .          Rampage  .    e - +0 cloak
rCorr   .                        (no gloves)
Will    .....                    (no boots)
Stlth   +++                      (no amulet)
HPRegen 0.42/turn                (no ring)
MPRegen 0.08/turn                (no ring)

@: healing quickly
A: alive, fangs 3, see invisible, vampiric 1
a: Exsanguinate


You were on level 1 of the Dungeon.
You visited 1 branch of the dungeon, and saw 1 of its levels.

You collected 72 gold pieces.

Inventory:

Hand Weapons
 a - a +1 dagger (weapon)
Armour
 e - a +0 cloak (worn)
 g - a +0 robe of cold resistance (worn)
Scrolls
 d - 2 scrolls of identify {unknown}
Potions
 b - a potion of haste {unknown}
 c - 2 potions of invisibility
 f - a potion of curing {unknown}


   Skills:
 + Level 0.2 Fighting
 + Level 1.3 Short Blades
 + Level 0.2 Armour
 + Level 2.3 Dodging
 + Level 4.5 Stealth
 + Level 2.0 Spellcasting
 + Level 4.4 Hexes


You had 4 spell levels left.
You didn't know any spells.
Your spell library contained the following spells:

 Spells                   Type           Power      Damage    Failure   Level
 Confusing Touch          Hex            17%        N/A       9%          3
 Tukima's Dance           Hex            17%        N/A       9%          3
 Ensorcelled Hibernation  Hex/Ice        18%        N/A       12%         2
 Freeze                   Ice            4%         1d3       19%         1
 Sandblast                Erth           2%         2d4       19%         1
 Dazzling Flash           Conj/Hex       18%        N/A       22%         3
 Passwall                 Tmut/Erth      0%         N/A       28%         2
 Stone Arrow              Conj/Erth      2%         3d7       50%         3


Dungeon Overview and Level Annotations

Branches:
Dungeon (1/15)

Altars:


Innate Abilities, Weirdness & Mutations

Your natural rate of healing is accelerated.
You have razor-sharp teeth.
You have supernaturally acute eyesight. (SInv)
You are afflicted with vampirism.


Message History

You start putting on your armour.
You continue putting on your +0 robe of cold resistance. x5
You finish putting on your +0 robe of cold resistance.
You feel resistant to cold.
You drop a +0 robe.
A rat comes into view.
Found 13 gold pieces.
A hobgoblin comes into view.
Found a metallic inky potion and a book of Geomancy.
The helpless rat fails to defend itself.
You puncture the rat!
You kill the rat!
The helpless hobgoblin fails to defend itself.
You puncture the hobgoblin!
You kill the hobgoblin!
You pick up a book of Geomancy and begin reading...
You add the spells Sandblast, Passwall and Stone Arrow to your library.
b - a metallic inky potion You see here a hobgoblin corpse.
You now have 72 gold pieces (gained 13).
A bat comes into view.
Found 19 gold pieces.
A gnoll comes into view. It is wielding a +0 whip.
Found 6 gold pieces.
Found a smoky amethyst potion.
The gnoll shouts!
The bat barely misses you.
You barely miss the gnoll. The bat misses you. The gnoll closely misses you.
The bat closely misses you. The bat attacks as you move away!
The bat closely misses you. The bat barely misses you.
You barely miss the gnoll. The gnoll hits you with a +0 whip.
You hit the gnoll but do no damage. The gnoll hits you with a +0 whip.
You barely miss the gnoll. Your bite misses the gnoll.
The gnoll barely misses you.
You don't know any spells.
Okay, then.
You closely miss the gnoll. The gnoll misses you.
You barely miss the gnoll. The gnoll hits you with a +0 whip.
You die...

#..#..##.....###
#...$.#.........
......#.........
................
#
!...............
. #.........#
#b######### #g#
#@# #### #.# ...
#.# ... ##.####
. ##. #.....#
..#.. #.....#
..... #.....##
#.. #....†.##
#.. #.......# ##
#..


You could see a gnoll and a bat.

Vanquished Creatures
  2 endoplasms (D:1)
  A hobgoblin (D:1)
  A kobold (D:1)
  A quokka (D:1)
  A rat (D:1)
6 creatures vanquished.

Notes
Turn   | Place    | Note
-------+----------+-------------------------------------------
     0 | D:1      | BlueFish the Vampire Enchanter began the quest for the Orb.
     0 | D:1      | Reached XP level 1. HP: 13/13 MP: 3/3
    66 | D:1      | Found a faded altar of an unknown god.
    73 | D:1      | Got Plato's Vellum of Frostbite
   237 | D:1      | Slain by a gnoll

Illustrated notes

Levels and vault maps discovered:
D:1:      lemuel_arrival_room, layout_basic, shapermc_ecumenical_altar_rom_forum

Action                     || total
---------------------------++-------
  Melee: Dagger            ||    16
         Punch             ||     1
   Stab: Sleeping          ||     5
  Dodge: Dodged            ||    13

Table legend: (Time is in decaauts)
 A = Elapsed time spent in this place.
 B = Non-inter-level travel time spent in this place.
 C = Inter-level travel time spent in this place.
 D = Time resting spent in this place.
 E = Time spent auto-exploring this place.
 F = Levels seen in this place.
 G = Mean time per level.
                   A        B        C        D        E       F      G
               +--------+--------+--------+--------+--------+-----+--------+
         Total |    236 |    236 |      0 |      0 |    126 |   1 |  236.0 |
       Dungeon |    236 |    236 |      0 |      0 |    126 |   1 |  236.0 |
               +--------+--------+--------+--------+--------+-----+--------+

Top non-repeatable levels by time:
     D:1: 236 daAuts
